General information
			
			
        
        - name: BNet
 
        - type: Ladder team game (AT/RT)
 
        - host: Battle.net
 
        - saver: sc2no.wc4yes
 
        
map: Highperch 
        - players: 6
 
        - length: 60:47
 
        - speed: Fast
 - version: 1.22 W3XP
 - replay type:  Public
 
» download(242 KB)
Players
        team 1 (winner) 
              
              
» 
ringong (
red | 100 APM | 1950 actions | 19:25)
              
 3 Death Knight 
 2 Death Coil
 1 Unholy Aura
 1 Crypt Lord 
 1 Impale
 
                » actions 
                
                | Assign group hotkey | 45 |  | 
| Basic commands | 57 |  | 
| Build / train | 52 |  | 
| ESC pressed | 2 |  | 
| Enter build submenu | 20 |  | 
| Enter hero's abilities submenu | 4 |  | 
| Give item / drop item | 2 |  | 
| Remove unit from queue | 2 |  | 
| Right click | 774 |  | 
| Select / deselect | 495 |  | 
| Select group hotkey | 451 |  | 
| Use ability | 46 |  | 
                1950 total
 » units 
                
                | Acolyte | 3 |  | 
| Ghoul | 5 |  | 
| Crypt Fiend | 8 |  | 
| Obsidian Statue | 1 |  | 
| Gargoyle | 2 |  | 
| Frost Wyrm | 3 |  | 
                22 total
 » upgrades
                
                | Creature Attack | 3 |  | 
| Creature Carapace | 1 |  | 
| Web | 1 |  | 
| Stone Form | 1 |  | 
| Freezing Breath | 1 |  | 
                7 total
 » buildings
                
                | Altar of Darkness | 2 |  | 
| Ziggurat | 9 |  | 
| Graveyard | 2 |  | 
| Crypt | 1 |  | 
| Nerubian Tower | 2 |  | 
| Tomb of Relics | 1 |  | 
| Halls of the Dead | 2 |  | 
| Slaughterhouse | 1 |  | 
| Black Citadel | 3 |  | 
| Sacrificial Pit | 1 |  | 
| Boneyard | 2 |  | 
                26 total
 » build order
                00:10 Altar of Darkness
00:12 Ziggurat
00:54 Altar of Darkness
01:06 Graveyard
01:08 Crypt
01:41 Graveyard
01:51 Ziggurat
01:53 Nerubian Tower
01:54 Nerubian Tower
02:17 Tomb of Relics
03:35 Ziggurat
04:52 Halls of the Dead
04:52 Halls of the Dead
07:35 Slaughterhouse
08:25 Black Citadel
08:25 Black Citadel
08:25 Black Citadel
08:32 Sacrificial Pit
09:28 Ziggurat
10:44 Ziggurat
11:48 Boneyard
13:51 Boneyard
15:00 Ziggurat
15:02 Ziggurat
15:50 Ziggurat
15:51 Ziggurat
» items
                
                | Rod of Necromancy | 1 |  | 
| Dust of Appearance | 2 |  | 
| Boots of Speed | 1 |  | 
                4 total
  
               
              
              
» 
sc2no.wc4yes (
blue | 48 APM | 2926 actions | 60:47)
              
 7 Blademaster 
 3 Wind Walk
 3 Critical Strike
 1 Bladestorm
 3 Goblin Alchemist 
 2 Acid Bomb
 1 Healing Spray
 2 Death Knight 
 2 Unholy Aura
 2 Crypt Lord 
 2 Spiked Carapace
 2 Tauren Chieftain 
 1 Endurance Aura
 1 Shockwave
 
                » actions 
                
                | Assign group hotkey | 36 |  | 
| Basic commands | 105 |  | 
| Build / train | 115 |  | 
| ESC pressed | 10 |  | 
| Enter build submenu | 97 |  | 
| Enter hero's abilities submenu | 16 |  | 
| Give item / drop item | 10 |  | 
| Right click | 1113 |  | 
| Select / deselect | 462 |  | 
| Select group hotkey | 657 |  | 
| Use ability | 305 |  | 
                2926 total
 » units 
                
                | Peon | 37 |  | 
| Troll Batrider | 14 |  | 
| Gargoyle | 2 |  | 
                53 total
 » upgrades
                
                | Spiked Barricades | 2 |  | 
| Liquid Fire | 2 |  | 
| Ranged Weapons | 1 |  | 
| Reinforced Defenses | 1 |  | 
                6 total
 » buildings
                
                | Altar of Storms | 2 |  | 
| Orc Burrow | 12 |  | 
| Voodoo Lounge | 2 |  | 
| War Mill | 2 |  | 
| Watch Tower | 65 |  | 
| Stronghold | 2 |  | 
| Great Hall | 1 |  | 
| Beastiary | 4 |  | 
| Fortress | 1 |  | 
                91 total
 » build order
                00:09 Altar of Storms
00:13 Orc Burrow
00:46 Voodoo Lounge
00:53 War Mill
02:27 Orc Burrow
02:42 Watch Tower
02:58 Watch Tower
03:07 Watch Tower
04:15 Watch Tower
04:16 Watch Tower
04:26 Watch Tower
04:27 Watch Tower
04:27 Watch Tower
06:08 Watch Tower
06:09 Watch Tower
06:09 Watch Tower
06:12 Watch Tower
06:13 Watch Tower
06:14 Stronghold
06:46 Great Hall
07:42 Watch Tower
07:43 Watch Tower
07:44 Watch Tower
07:44 Watch Tower
08:00 Watch Tower
08:39 Watch Tower
08:40 Watch Tower
08:54 Watch Tower
09:09 Watch Tower
09:44 Watch Tower
09:46 Watch Tower
09:58 Beastiary
11:10 Watch Tower
11:11 Watch Tower
11:12 Watch Tower
12:07 Beastiary
12:17 Fortress
13:14 Watch Tower
13:15 Watch Tower
13:15 Watch Tower
13:45 Orc Burrow
13:45 Orc Burrow
13:46 Orc Burrow
13:46 Orc Burrow
14:31 Watch Tower
14:32 Watch Tower
14:33 Watch Tower
15:41 Watch Tower
15:43 Watch Tower
16:01 Watch Tower
16:02 Watch Tower
16:03 Watch Tower
16:04 Watch Tower
16:27 Watch Tower
17:00 Watch Tower
17:01 Watch Tower
17:03 Watch Tower
17:06 Watch Tower
18:13 Watch Tower
18:14 Watch Tower
18:15 Watch Tower
18:16 Watch Tower
18:20 Watch Tower
19:37 Watch Tower
19:49 Watch Tower
19:50 Watch Tower
20:27 Watch Tower
20:34 Watch Tower
20:55 Watch Tower
20:56 Watch Tower
22:03 Watch Tower
22:15 Beastiary
22:18 Beastiary
22:23 Orc Burrow
22:26 Orc Burrow
23:39 Voodoo Lounge
24:14 Orc Burrow
24:57 Watch Tower
24:57 Watch Tower
24:58 Watch Tower
24:59 Watch Tower
28:06 Watch Tower
28:07 Watch Tower
28:07 Watch Tower
28:08 Watch Tower
35:39 Stronghold
38:56 War Mill
54:01 Altar of Storms
54:50 Orc Burrow
54:52 Orc Burrow
54:55 Orc Burrow
» items
                
                | Lesser Clarity Potion | 8 |  | 
| Healing Salve | 3 |  | 
| Scroll of Speed | 3 |  | 
| Boots of Speed | 3 |  | 
| Staff of Teleportation | 3 |  | 
| Tiny Great Hall | 1 |  | 
| Orb of Lightning | 5 |  | 
| Scroll of Town Portal | 6 |  | 
| Potion of Lesser Invulnerability | 2 |  | 
                34 total
  
               
              
              
Cerbere.Media (
yellow | 14 APM | 822 actions | 60:47)
              
 3 Archmage 
 2 Blizzard
 1 Brilliance Aura
 2 Paladin 
 1 Holy Light
 1 Divine Shield
 2 Blood Mage 
 1 Flame Strike
 1 Banish
 
                » actions 
                
                | Build / train | 80 |  | 
| Enter build submenu | 23 |  | 
| Enter hero's abilities submenu | 7 |  | 
| Right click | 378 |  | 
| Select / deselect | 278 |  | 
| Use ability | 55 |  | 
                822 total
 » units 
                
                | Peasant | 12 |  | 
| Footman | 2 |  | 
| Rifleman | 3 |  | 
| Mortar Team | 8 |  | 
| Knight | 6 |  | 
| Siege Engine | 2 |  | 
| Sorceress | 3 |  | 
| Priest | 2 |  | 
                38 total
 » upgrades
                
                | Lumber Harvesting | 2 |  | 
| Fragmentation Shards | 1 |  | 
| Animal War Training | 1 |  | 
| Gunpowder | 3 |  | 
| Armor | 3 |  | 
| Plating | 3 |  | 
| Swords | 3 |  | 
| Flare | 1 |  | 
| Barrage | 1 |  | 
| Priest Training | 1 |  | 
                19 total
 » buildings
                
                | Altar of Kings | 1 |  | 
| Farm | 13 |  | 
| Barracks | 2 |  | 
| Blacksmith | 1 |  | 
| Keep | 1 |  | 
| Town Hall | 1 |  | 
| Lumber Mill | 1 |  | 
| Castle | 1 |  | 
| Workshop | 1 |  | 
| Arcane Sanctum | 2 |  | 
                24 total
 » build order
                00:27 Altar of Kings
00:40 Farm
01:04 Barracks
01:18 Farm
01:57 Farm
02:18 Blacksmith
02:47 Farm
02:57 Barracks
03:49 Farm
04:32 Farm
05:03 Keep
06:15 Town Hall
06:56 Farm
07:00 Lumber Mill
08:22 Castle
08:37 Workshop
09:19 Farm
11:14 Farm
15:47 Farm
18:38 Farm
29:30 Arcane Sanctum
29:46 Farm
30:03 Arcane Sanctum
30:58 Farm
» items
                
                | Orb of Lightning | 2 |  | 
| Potion of Healing | 4 |  | 
| Potion of Mana | 2 |  | 
| Scroll of Speed | 1 |  | 
| Scroll of Town Portal | 2 |  | 
                11 total
  
               team 2 (loser) 
              
              
» 
slimer86 (
orange | 16 APM | 949 actions | 60:46)
              
 4 Blademaster 
 2 Wind Walk
 2 Critical Strike
 
                » actions 
                
                | Assign group hotkey | 3 |  | 
| Basic commands | 21 |  | 
| Build / train | 105 |  | 
| Enter build submenu | 20 |  | 
| Enter hero's abilities submenu | 4 |  | 
| Right click | 345 |  | 
| Select / deselect | 379 |  | 
| Select group hotkey | 5 |  | 
| Use ability | 66 |  | 
                949 total
 » units 
                
                | Peon | 12 |  | 
| Grunt | 14 |  | 
| Demolisher | 17 |  | 
| Shaman | 15 |  | 
| Tauren | 4 |  | 
| Wind Rider | 11 |  | 
| Troll Batrider | 5 |  | 
                78 total
 » upgrades
                
                | Melee Weapons | 3 |  | 
| Armor | 3 |  | 
| Shaman Training | 2 |  | 
| Burning Oil | 1 |  | 
| Ranged Weapons | 3 |  | 
| Envenomed Spears | 1 |  | 
| Reinforced Defenses | 1 |  | 
| Spiked Barricades | 2 |  | 
| Liquid Fire | 1 |  | 
| Troll Regeneration | 1 |  | 
| Backpack | 1 |  | 
                19 total
 » buildings
                
                | Altar of Storms | 1 |  | 
| Orc Burrow | 8 |  | 
| Barracks | 1 |  | 
| War Mill | 1 |  | 
| Voodoo Lounge | 2 |  | 
| Watch Tower | 1 |  | 
| Stronghold | 1 |  | 
| Fortress | 1 |  | 
| Spirit Lodge | 1 |  | 
| Tauren Totem | 1 |  | 
| Great Hall | 1 |  | 
| Beastiary | 2 |  | 
                21 total
 » build order
                00:15 Altar of Storms
00:18 Orc Burrow
01:18 Barracks
01:31 Orc Burrow
01:38 War Mill
02:49 Voodoo Lounge
03:04 Voodoo Lounge
03:11 Watch Tower
03:37 Orc Burrow
04:53 Stronghold
07:53 Fortress
08:01 Spirit Lodge
09:25 Orc Burrow
10:23 Tauren Totem
10:29 Orc Burrow
14:55 Great Hall
15:51 Orc Burrow
20:06 Orc Burrow
20:11 Orc Burrow
20:38 Beastiary
20:44 Beastiary
» items
                 
               
              
              
» 
Compensation (
teal | 45 APM | 2746 actions | 60:31)
              
 6 Keeper of the Grove 
 3 Entangling Roots
 2 Thorns Aura
 1 Tranquility
 
                » actions 
                
                | Assign group hotkey | 86 |  | 
| Basic commands | 33 |  | 
| Build / train | 68 |  | 
| ESC pressed | 1 |  | 
| Enter build submenu | 25 |  | 
| Enter hero's abilities submenu | 6 |  | 
| Give item / drop item | 4 |  | 
| Right click | 1366 |  | 
| Select / deselect | 721 |  | 
| Select group hotkey | 362 |  | 
| Use ability | 74 |  | 
                2746 total
 » units 
                
                | Wisp | 20 |  | 
| Archer | 1 |  | 
| Huntress | 7 |  | 
| Druid of the Claw | 10 |  | 
| Chimaera | 12 |  | 
                50 total
 » upgrades
                
                | Strength of the Wild | 3 |  | 
| Reinforced Hides | 2 |  | 
| Druid of the Claw Training | 2 |  | 
| Mark of the Claw | 1 |  | 
| Corrosive Breath | 1 |  | 
                9 total
 » buildings
                
                | Altar of Elders | 1 |  | 
| Moon Well | 9 |  | 
| Ancient of War | 1 |  | 
| Hunter's Hall | 1 |  | 
| Tree of Ages | 1 |  | 
| Tree of Eternity | 1 |  | 
| Ancient of Lore | 2 |  | 
| Ancient of Wind | 1 |  | 
| Chimaera Roost | 1 |  | 
| Ancient Protector | 3 |  | 
                21 total
 » build order
                00:09 Altar of Elders
00:11 Moon Well
01:06 Ancient of War
01:42 Hunter's Hall
01:56 Moon Well
02:52 Moon Well
04:54 Tree of Ages
05:56 Moon Well
07:29 Moon Well
07:31 Tree of Eternity
07:33 Ancient of Lore
07:39 Ancient of Lore
10:28 Moon Well
11:28 Moon Well
15:36 Ancient of Wind
16:49 Chimaera Roost
19:29 Moon Well
22:15 Moon Well
28:53 Ancient Protector
28:56 Ancient Protector
29:00 Ancient Protector
 
               
              
              
EdwardVanHalen (
pink | 31 APM | 1897 actions | 60:38)
              
 4 Dreadlord 
 2 Sleep
 2 Vampiric Aura
 3 Death Knight 
 2 Death Coil
 1 Death Pact
 3 Lich 
 2 Frost Armor
 1 Frost Nova
 
                » actions 
                
                | Assign group hotkey | 43 |  | 
| Basic commands | 23 |  | 
| Build / train | 97 |  | 
| Enter build submenu | 25 |  | 
| Enter hero's abilities submenu | 10 |  | 
| Remove unit from queue | 3 |  | 
| Right click | 566 |  | 
| Select / deselect | 254 |  | 
| Select group hotkey | 787 |  | 
| Use ability | 89 |  | 
                1897 total
 » units 
                
                | Acolyte | 5 |  | 
| Ghoul | 3 |  | 
| Crypt Fiend | 14 |  | 
| Meatwagon | 6 |  | 
| Obsidian Statue | 6 |  | 
| Razormane Medicine Man | 1 |  | 
| Frost Wyrm | 2 |  | 
                37 total
 » upgrades
                
                | Web | 1 |  | 
| Burrow | 1 |  | 
| Creature Attack | 3 |  | 
| Creature Carapace | 3 |  | 
| Unholy Strength | 3 |  | 
| Destroyer Form | 1 |  | 
| Freezing Breath | 1 |  | 
                13 total
 » buildings
                
                | Altar of Darkness | 1 |  | 
| Crypt | 1 |  | 
| Ziggurat | 21 |  | 
| Graveyard | 1 |  | 
| Tomb of Relics | 1 |  | 
| Nerubian Tower | 11 |  | 
| Halls of the Dead | 1 |  | 
| Slaughterhouse | 1 |  | 
| Black Citadel | 1 |  | 
| Spirit Tower | 7 |  | 
| Sacrificial Pit | 1 |  | 
| Boneyard | 2 |  | 
                49 total
 » build order
                00:35 Altar of Darkness
00:38 Crypt
00:44 Ziggurat
01:09 Graveyard
01:27 Ziggurat
01:39 Tomb of Relics
01:55 Nerubian Tower
04:15 Halls of the Dead
04:23 Ziggurat
04:28 Nerubian Tower
08:15 Ziggurat
08:16 Ziggurat
09:00 Nerubian Tower
09:04 Slaughterhouse
09:09 Nerubian Tower
09:12 Nerubian Tower
11:05 Black Citadel
15:20 Ziggurat
16:20 Ziggurat
16:23 Ziggurat
16:40 Spirit Tower
16:46 Ziggurat
17:09 Ziggurat
17:19 Spirit Tower
18:03 Nerubian Tower
18:07 Ziggurat
18:09 Ziggurat
18:18 Nerubian Tower
18:47 Ziggurat
18:48 Ziggurat
19:12 Spirit Tower
19:48 Nerubian Tower
20:00 Ziggurat
20:13 Ziggurat
20:28 Ziggurat
21:02 Spirit Tower
21:30 Nerubian Tower
22:47 Nerubian Tower
22:55 Ziggurat
23:27 Sacrificial Pit
23:57 Spirit Tower
24:02 Ziggurat
24:05 Ziggurat
24:45 Ziggurat
25:08 Spirit Tower
25:14 Nerubian Tower
40:42 Spirit Tower
48:39 Boneyard
48:40 Boneyard
» items
                
                | Rod of Necromancy | 1 |  | 
| Dust of Appearance | 3 |  | 
| Sacrificial Skull | 1 |  | 
| Potion of Healing | 1 |  | 
| Scroll of Healing | 2 |  | 
| Potion of Mana | 1 |  | 
| Orb of Corruption | 1 |  | 
| Tiny Great Hall | 1 |  | 
                11 total
  
                Chat log
          (00:06 / Allies) sc2no.wc4yes: lets high perch
(00:19 / Allies) sc2no.wc4yes: u know what i mean?
(00:21 / Allies) Cerbere.Media: i love your nname :)
(00:22 / Allies) ringong: no
(00:28 / Allies) sc2no.wc4yes: if u get up here
(00:30 / Allies) ringong: what do u mean??
(00:32 / Allies) sc2no.wc4yes: and put towers there
(00:36 / Allies) sc2no.wc4yes: u can win easy and its funny
(01:16 / Allies) ringong: we can try
(01:22 / Allies) Cerbere.Media: try what ?
(01:23 / Allies) sc2no.wc4yes: first you have to drain all the mines on your side tho
(01:26 / Allies) ringong: but i dun really know what ur talking about
(01:31 / Allies) sc2no.wc4yes: therse a clan that always does it
(01:39 / Allies) sc2no.wc4yes: their ewebside is www.highper.ch 
(01:56 / Allies) sc2no.wc4yes: anyway just stay under 50 food
(01:57 / Allies) sc2no.wc4yes: expo here
(02:01 / Allies) sc2no.wc4yes: and toere by expo
(02:52 / Allies) sc2no.wc4yes: incoming bm
(04:49 / Allies) Cerbere.Media: kk
(06:03 / Allies) ringong: run
(07:10 / Allies) sc2no.wc4yes: ur hero red
(07:24 / Allies) sc2no.wc4yes: back to towers
(07:55 / Allies) sc2no.wc4yes: back
(08:41 / Allies) sc2no.wc4yes: just guard towers
(08:44 / Allies) sc2no.wc4yes: shit
(09:02 / Allies) sc2no.wc4yes: dont get lured forwrad
(09:15 / Allies) sc2no.wc4yes: keep creeping
(09:40 / Allies) sc2no.wc4yes: be  ready to tp to towers if they hit full force
(10:21 / Allies) sc2no.wc4yes: anyone got spare wood?
(10:27 / Allies) Cerbere.Media: me
(10:45 / Allies) sc2no.wc4yes: ok listen red
(10:48 / Allies) sc2no.wc4yes: i need u to get a garg
(10:52 / Allies) sc2no.wc4yes: and make it stone form up here
(11:01 / Allies) sc2no.wc4yes: can u?
(11:04 / Allies) ringong: kk
(11:17 / Allies) sc2no.wc4yes: also i still need wood plz
(11:35 / Allies) sc2no.wc4yes: theyre coming
(11:56 / Allies) sc2no.wc4yes: back
(11:57 / Allies) sc2no.wc4yes: back
(12:08 / Allies) sc2no.wc4yes: WOOD PLZ
(12:49 / Allies) sc2no.wc4yes: B
(12:56 / Allies) sc2no.wc4yes: KILL SIEGE THEN BACK
(13:36 / Allies) sc2no.wc4yes: check their expo
(14:01 / Allies) Cerbere.Media: my mortar kill catapult
(14:07 / Allies) sc2no.wc4yes: can u get a garg up there red?
(14:10 / Allies) sc2no.wc4yes: in stone form?
(14:14 / Allies) sc2no.wc4yes: ok its there
(14:14 / Allies) sc2no.wc4yes: thx
(14:31 / Allies) ringong: why do u need it there ??
(14:34 / Allies) sc2no.wc4yes: ull see
(15:10 / Allies) sc2no.wc4yes: see?
(15:29 / Allies) Cerbere.Media: any need gold ?
(15:32 / Allies) ringong: i do
(15:51 / Allies) sc2no.wc4yes: WOOD PLZ
(16:02 / Allies) ringong: lets attack
(16:13 / Allies) sc2no.wc4yes: they prellyl hhave more than us
(16:23 / Allies) Cerbere.Media: just detroye exp
(16:28 / Allies) ringong: kk
(16:44 / Allies) ringong: maek sure u have tp
(16:46 / Allies) sc2no.wc4yes: tp if u cget in trouble
(16:57 / Allies) ringong: i need ur morters
(17:18 / Allies) sc2no.wc4yes: back
(17:18 / Allies) ringong: back
(17:19 / Allies) ringong: back
(17:25 / Allies) ringong: yello back
(17:42 / Allies) ringong: yello back
(17:43 / Allies) sc2no.wc4yes: back
(17:44 / Allies) sc2no.wc4yes: ...
(18:45 / Allies) sc2no.wc4yes: stay under 50 food if uc an
(18:54 / Allies) sc2no.wc4yes: holy shit definitely stay under 80
(19:00 / Allies) sc2no.wc4yes: otherwise u are jsut throwing ur gold in the trash
(19:04 / Allies) sc2no.wc4yes: while they stock up gold for later
(19:13 / All) slimer86: like this isnt even fun
(19:18 / All) sc2no.wc4yes: so leave
(19:21 / Allies) ringong: sorry guys need to go
(19:25 / Allies) sc2no.wc4yes: its ok i can control
(19:36 / Allies) Cerbere.Media: blue what u need ?
(19:41 / Allies) sc2no.wc4yes: just defend for now
(19:43 / All) slimer86: lol
(19:44 / Allies) sc2no.wc4yes: and stay under 80 food
(19:47 / Allies) Cerbere.Media: kk
(20:17 / Allies) sc2no.wc4yes: its ok that red is over cuz hes almost out of godl anyway
(20:20 / Allies) sc2no.wc4yes: in mine that is
(20:30 / Allies) Cerbere.Media: kk
(20:42 / Allies) sc2no.wc4yes: when the time comes and we are losing on ground
(20:45 / Allies) sc2no.wc4yes: we will tp all forces up to there
(20:59 / Allies) Cerbere.Media: good
(21:16 / Allies) sc2no.wc4yes: im gonna raid real fast with red
(21:19 / Allies) sc2no.wc4yes: just hit and run
(21:45 / Allies) Cerbere.Media: nice hit and run :P
(22:32 / Allies) Cerbere.Media: ownage 
(23:32 / Allies) Cerbere.Media: go hit teal
(23:52 / Allies) sc2no.wc4yes: pink is with him
(24:14 / Allies) Cerbere.Media: come whit red
(24:30 / Allies) sc2no.wc4yes: its too risky
(24:32 / Allies) sc2no.wc4yes: safer on towers
(24:39 / Allies) Cerbere.Media: kk
(24:52 / Allies) sc2no.wc4yes: lol
(24:53 / Allies) Cerbere.Media: omg lol
(25:03 / Allies) Cerbere.Media: u are pro
(25:57 / Allies) Cerbere.Media: i have tank anti air
(26:06 / Allies) sc2no.wc4yes: k
(26:22 / All) sc2no.wc4yes: zz
(26:28 / Allies) Cerbere.Media: lol
(26:31 / All) sc2no.wc4yes: scared yet?
(26:39 / Allies) Cerbere.Media: on lvl 6 im tp to your shade
(27:21 / Allies) Cerbere.Media: peon arm
(28:58 / All) slimer86:  
(31:02 / Allies) sc2no.wc4yes: here they come
(31:51 / Allies) sc2no.wc4yes: run
(31:54 / Allies) sc2no.wc4yes: tp to top base
(32:05 / Allies) sc2no.wc4yes: run
(32:25 / Allies) sc2no.wc4yes: tp everything u can to top base
(33:20 / Allies) sc2no.wc4yes: get all ur peons up there
(33:32 / Allies) Cerbere.Media: no money
(34:41 / Allies) Cerbere.Media: omg u dont have use red ?
(34:57 / Allies) sc2no.wc4yes: red is for defending our island in the sky
(35:07 / Allies) sc2no.wc4yes: get a tp and get up there
(35:08 / Allies) Cerbere.Media: kk give me gold
(35:20 / Allies) sc2no.wc4yes: u already have a tp
(35:22 / Allies) sc2no.wc4yes: and i just gave
(35:51 / Allies) Cerbere.Media: come help me
(36:00 / Allies) sc2no.wc4yes: we arent fighting htere
(36:03 / Allies) sc2no.wc4yes: we are moving to the island
(36:18 / Allies) sc2no.wc4yes: teleport up to the island
(36:34 / Allies) Cerbere.Media: stop
(36:36 / Allies) sc2no.wc4yes: no 
(36:38 / Allies) sc2no.wc4yes: its xp for them
(36:41 / Allies) sc2no.wc4yes: how do you not understand this
(36:42 / Allies) sc2no.wc4yes: we have to move
(36:44 / Allies) sc2no.wc4yes: to the island
(36:46 / Allies) sc2no.wc4yes: where they cfant ge t us
(36:49 / Allies) sc2no.wc4yes: anything on ground dies
(36:59 / Allies) sc2no.wc4yes: only leavge shades in hiding places
(37:02 / Allies) sc2no.wc4yes: so i can staff of tp down
(37:03 / Allies) Cerbere.Media: just prtect
(37:06 / Allies) sc2no.wc4yes: no
(37:09 / Allies) sc2no.wc4yes: u cant protect that
(37:10 / Allies) sc2no.wc4yes: its too weak
(37:13 / Allies) sc2no.wc4yes: we would jsut die
(37:24 / Allies) sc2no.wc4yes: im killing it so they dont get level 10 from it
(37:33 / Allies) Cerbere.Media: kk
(38:28 / Allies) sc2no.wc4yes: all their siege cant reach us up here
(38:30 / Allies) sc2no.wc4yes: only air can
(38:47 / Allies) Cerbere.Media: that nice
(39:31 / Allies) Cerbere.Media: nice lol
(40:08 / All) sc2no.wc4yes: good job
(40:20 / Allies) Cerbere.Media: u are very pro
(40:59 / Allies) Cerbere.Media: i need gtg
(41:05 / Allies) sc2no.wc4yes: k
(41:10 / Allies) Cerbere.Media: so u sure to win this game ?
(41:12 / Allies) sc2no.wc4yes: yeah
(41:29 / All) sc2no.wc4yes: want me to tell u ur chances?
(41:46 / All) sc2no.wc4yes: 0
(42:35 / Allies) Cerbere.Media: this island is invicible so friends take down and gountain wow
(42:47 / Allies) sc2no.wc4yes: only air can get up here
(42:50 / Allies) sc2no.wc4yes: and warden can blink up
(42:54 / Allies) sc2no.wc4yes: but if it did wed kil it
(43:27 / Allies) Cerbere.Media: what u have do to go her ?
(43:39 / Allies) sc2no.wc4yes: see my blademaster?
(43:44 / Allies) sc2no.wc4yes: he has item "staff of teleportation"
(43:47 / Allies) sc2no.wc4yes: thats how you get a hero up there
(43:50 / All) slimer86: how did you get up there blue?
(43:53 / Allies) sc2no.wc4yes: put a gargoyle in statue form up there
(43:55 / Allies) sc2no.wc4yes: and staff to it
(44:00 / Allies) sc2no.wc4yes: then u set up a quick hall
(44:01 / Allies) sc2no.wc4yes: thats an orc item
(44:09 / Allies) sc2no.wc4yes: it is hero item that makes town hall
(44:12 / Allies) sc2no.wc4yes: then u jsut tp units up there
(44:19 / Allies) Cerbere.Media: o yeah
(44:24 / All) sc2no.wc4yes: go to http://highper.ch for replays like this and a tutorial
(44:30 / Allies) Cerbere.Media: that was beautefull
(45:20 / All) Cerbere.Media: gg
(45:26 / All) sc2no.wc4yes: yeah gg
(45:32 / Allies) Cerbere.Media: friends ?
(45:36 / Allies) sc2no.wc4yes: sure
(45:42 / Allies) Cerbere.Media: nice
(46:32 / Allies) Cerbere.Media: are u gosu
(46:39 / Allies) sc2no.wc4yes: no i just copy that website
(46:40 / Allies) Cerbere.Media: % win ?
(46:47 / Allies) sc2no.wc4yes: anyone can do this
(46:51 / Allies) sc2no.wc4yes: u just have to make towers and wait
(46:56 / Allies) Cerbere.Media: kk so u do that good
(47:20 / All) sc2no.wc4yes: theres a stairs u can walk up
(47:20 / Allies) Cerbere.Media: % win ?
(47:24 / All) sc2no.wc4yes: want me to show u where it is?
(47:26 / Allies) sc2no.wc4yes: 47%
(47:29 / Allies) sc2no.wc4yes: not high at all
(47:31 / All) EdwardVanHalen: sure
(47:53 / All) sc2no.wc4yes: jk i wont show u
(47:54 / All) sc2no.wc4yes: :D
(48:00 / Allies) Cerbere.Media: lol
(48:06 / Allies) sc2no.wc4yes: yeah lol at their towerws
(48:07 / Allies) sc2no.wc4yes: dumb
(48:17 / Allies) Cerbere.Media: do you have other tricke for other map ?
(48:21 / Allies) sc2no.wc4yes: nope
(48:32 / Allies) sc2no.wc4yes: on map friends u can make thousands of towers because the gold mines are 50000 gold
(48:35 / Allies) sc2no.wc4yes: but thats not really a trick
(49:02 / Allies) Cerbere.Media: kk
(49:15 / Allies) Cerbere.Media: lol pink noob
(49:26 / All) sc2no.wc4yes: close one
(49:33 / All) sc2no.wc4yes: almost had to tp :)
(49:58 / All) sc2no.wc4yes: do u guys see u cant win?
(49:59 / All) sc2no.wc4yes: answer
(50:08 / All) Compensation: do you see you cant win?
(50:14 / All) sc2no.wc4yes: im slowly killin gyou
(50:18 / All) sc2no.wc4yes: whents the last toime you killed something
(50:33 / All) Compensation: you cant kill all of our units with one bm
(50:42 / All) sc2no.wc4yes: wana bet?
(50:56 / Allies) Cerbere.Media: okay bye blue
(50:59 / Allies) sc2no.wc4yes: k
(51:00 / Allies) sc2no.wc4yes: later
(51:05 / Allies) Cerbere.Media: gtg
(51:08 / Allies) Cerbere.Media: good luck
(51:11 / Allies) sc2no.wc4yes: thx
(51:12 / Allies) sc2no.wc4yes: wait
(51:14 / Allies) sc2no.wc4yes: give me all gold
(51:15 / Allies) sc2no.wc4yes: and wood
(51:16 / Allies) sc2no.wc4yes: just in case
(51:27 / Allies) sc2no.wc4yes: oh well thats fine
(51:28 / Allies) sc2no.wc4yes: i wont need it
(51:30 / Allies) sc2no.wc4yes: ty
(51:36 / Allies) Cerbere.Media: add me :)
(51:39 / Allies) sc2no.wc4yes: i did
(51:39 / Allies) Cerbere.Media: bye gl
(51:50 / All) sc2no.wc4yes: guess how much gold i have
(51:57 / All) sc2no.wc4yes: if u guess right within 10%
(51:59 / All) sc2no.wc4yes: ill leave
(52:11 / All) sc2no.wc4yes: come on
(52:12 / All) sc2no.wc4yes: guess
(52:18 / All) slimer86: 3500
(52:22 / All) sc2no.wc4yes: nope
(52:25 / All) sc2no.wc4yes: 1593
(52:26 / All) slimer86: 0
(52:34 / All) slimer86: ok leave
(52:39 / All) sc2no.wc4yes: u were way off
(52:42 / All) sc2no.wc4yes: sry
(53:39 / All) sc2no.wc4yes: why dont u use ur siege on us?
(53:55 / All) slimer86: dont got none
(54:03 / All) sc2no.wc4yes: yeah you do
(54:09 / All) slimer86: nope
(54:10 / All) sc2no.wc4yes: chims and meat wagons
(55:04 / All) sc2no.wc4yes: shit i have to afk for 2 hours
(55:06 / All) sc2no.wc4yes: can we pause?
(57:09 / All) sc2no.wc4yes: got a level
(57:13 / All) sc2no.wc4yes: guess which hero it was on and ill leave
(57:41 / All) slimer86: you must play this game way to much
(57:47 / All) sc2no.wc4yes: cuz im so good?
(58:04 / All) slimer86: cause you play like a bitch
(58:10 / All) sc2no.wc4yes: lol
(59:40 / All) sc2no.wc4yes: like that?
(59:52 / All) EdwardVanHalen: i'm not worried about it personally
(59:56 / All) sc2no.wc4yes: orly?
(59:57 / All) Compensation: pretty much
(60:03 / All) EdwardVanHalen: yah
(60:11 / All) Compensation: your just a douchebag wasting peoples time
(60:16 / All) sc2no.wc4yes: 3 of u wasting ur time
(60:19 / All) Compensation: need a life is what you need
(60:20 / All) sc2no.wc4yes: yellow has been afk  for a while
(60:23 / All) sc2no.wc4yes: im going to win and im only one guy
(60:29 / All) Compensation: i hope you feel good about yourself, you obviosuly dont outside this game
(60:30 / All) sc2no.wc4yes: so its ur team wasting time
(60:31 / All) sc2no.wc4yes: not mine
(60:35 / All) sc2no.wc4yes: HAHA RAPED
(60:37 / All) sc2no.wc4yes: FUCK YOU YEAH LEAVE
(60:38 / All) sc2no.wc4yes: BITCH
(60:41 / All) sc2no.wc4yes: FAG